 Dungeon Crawl Stone Soup version 0.29-a0-541-gaf1fc19f1b (webtiles) character file.

Game seed: 3276427349597828891

18720 Morbidden the Hand of Shadow (level 12, -1/94 HPs)
             Began as a Demonspawn Conjurer on June 2, 2022.
             Was a High Priest of Dithmenos.
             Engulfed by an ice statue's freezing vapour (16 damage)
             ... in an ice cave.
             The game lasted 00:33:12 (18692 turns).

Morbidden the Hand of Shadow (Demonspawn Conjurer) Turns: 18692, Time: 00:33:12

Health: -1/94      AC: 24    Str: 13      XL:     12   Next: 30%
Magic:  23/31      EV: 17    Int: 25      God:    Dithmenos [*****.]
Gold:   662        SH: 20    Dex: 17 (18) Spells: 10/25 levels left

rFire   . . .      SeeInvis .   a - +1 dagger (elec)
rCold   . . .      Faith    .   H - +1 kite shield
rNeg    . . .      Spirit   .   j - +0 leather armour of the Earth {MP+9 Str+3 Dex+6}
rPois   .          Reflect  +   V - +1 helmet
rElec   .          Harm     .   R - +0 cloak
rCorr   .          Rampage  .   (no gloves)
Will    .....                   J - +0 pair of boots
Stlth   +++++.....              l - amulet of reflection
HPRegen 0.25/turn               v - +4 ring of evasion
MPRegen 0.22/turn               E - ring of the Many Dancing Ships {AC+4 Str+3}

@: sanguine armoured, wreathed by umbra, studying Invocations
A: foul stench 1, icemail 1, sanguine armour 2, condensation shield, weakness
stinger 1, deterioration 1, robust 1, MP-powered wands
a: Renounce Religion, Shadow Step, Shadow Form


You were in an ice cave.
You worshipped Dithmenos.
Dithmenos was extremely pleased with you.
You visited 3 branches of the dungeon, and saw 14 of its levels.
You also visited: Ice Cave.

You collected 802 gold pieces.
You spent 140 gold pieces at shops.

Inventory:

Hand Weapons
 a - a +1 dagger of electrocution (weapon)
 b - a +2 dagger of venom
 i - a +1 double sword of protection
 u - the +5 dagger "Utumiset" {freeze, Will- Str+3 Dex+4}
   (You bought it in a shop on level 1 of the Dungeon)

   It freezes those it strikes, dealing additional cold damage.
   It can also slow down cold-blooded creatures.
   Str:       It affects your strength (+3).
   Dex:       It affects your dexterity (+4).
   Will:      It decreases your willpower.
Missiles
 y - 5 curare-tipped darts (quivered)
Armour
 j - the +0 leather armour of the Earth (worn) {MP+9 Str+3 Dex+6}
   (You found it on level 2 of the Dungeon)

   Str:       It affects your strength (+3).
   Dex:       It affects your dexterity (+6).
   MP:        It affects your magic capacity (+9).
 o - a +0 troll leather armour
 s - a +3 chain mail of cold resistance
 H - a +1 kite shield (worn)
 J - a +0 pair of boots (worn)
 N - +2 steam dragon scales
 R - a +0 cloak (worn)
 V - a +1 helmet (worn)
 W - a +1 chain mail of cold resistance
Jewellery
 l - an amulet of reflection (around neck)
 v - a +4 ring of evasion (left hand)
 C - a ring of resist corrosion
 D - a ring of see invisible
 E - the ring of the Many Dancing Ships (right hand) {AC+4 Str+3}
   (You found it in an ice cave)

   [ring of protection]

   AC:        It affects your AC (+4).
   Str:       It affects your strength (+3).
 F - a ring of flight
 G - a +4 ring of evasion
 U - a ring of positive energy
Wands
 m - a wand of iceblast (20)
 r - a wand of acid (4)
 K - a wand of flame (9)
 L - a wand of digging (8)
 T - a wand of charming (4)
Scrolls
 c - 5 scrolls of poison
 d - 3 scrolls of fear
 f - 8 scrolls of identify
 h - 2 scrolls of vulnerability
 k - 3 scrolls of enchant armour
 n - 2 scrolls of immolation
 B - 4 scrolls of amnesia
 O - 2 scrolls of summoning
 P - 8 scrolls of teleportation
 Q - a scroll of fog
Potions
 e - 2 potions of invisibility {unknown}
 g - a potion of lignification {unknown}
 p - a potion of magic
 q - 2 potions of mutation
 t - 2 potions of brilliance {unknown}
 w - 2 potions of attraction {unknown}
 x - 2 potions of heal wounds {unknown}
 z - 2 potions of might {unknown}
 A - 4 potions of resistance
 I - 8 potions of curing
 M - 2 potions of berserk rage
Miscellaneous
 S - a condenser vane (inert)


   Skills:
 * Level 5.4 Fighting
 * Level 5.2 Short Blades
 + Level 0.1 Throwing
 + Level 3.1 Armour
 * Level 6.3 Dodging
 * Level 5.8 Stealth
 * Level 6.1 Shields
 + Level 0.7 Unarmed Combat
 * Level 7.2 Spellcasting
 * Level 8.1 Conjurations
 + Level 5.0 Hexes
 * Level 2.3 Translocations
 + Level 4.7 Ice Magic
 * Level 0.7 Earth Magic
 * Level 11.7 Invocations
 * Level 2.2 Evocations


You had 10 spell levels left.
You knew the following spells:

 Your Spells              Type           Power      Damage    Failure   Level
a - Magic Dart            Conj           100%       1d8       1%          1
b - Searing Ray           Conj           100%       2d8       1%          2
c - Iron Shot             Conj/Erth      15%        9d4       99%         6
x - Ensorcelled Hibernat  Hex/Ice        66%        N/A       4%          2
z - Iskenderun's Mystic   Conj/Tloc      35%        2d8       26%         4

Your spell library contained the following spells:

 Spells                   Type           Power      Damage    Failure   Level
 Dazzling Flash           Conj/Hex       84%        N/A       4%          3
 Apportation              Tloc           40%        N/A       9%          1
 Ozocubu's Armour         Ice            32%        N/A       10%         3
 Blink                    Tloc           40%        N/A       13%         2
 Fulminant Prism          Conj/Hex       21%        3d13      14%         4
 Sting                    Tmut/Pois      36%        1d4       22%         1
 Mephitic Cloud           Conj/Pois/Air  22%        N/A       22%         3
 Iskenderun's Battlesphe  Conj           50%        2d10      22%         5
 Summon Guardian Golem    Hex/Summ       21%        N/A       24%         3
 Gell's Gravitas          Tloc           20%        N/A       26%         3
 Teleport Other           Tloc           20%        N/A       26%         3
 Passwall                 Tmut/Erth      8%         N/A       28%         2
 Call Imp                 Summ           9%         N/A       34%         2
 Poisonous Vapours        Pois/Air       18%        N/A       34%         2
 Scorch                   Fire           18%        2d5       34%         2
 Flame Wave               Conj/Fire      29%        2d8       38%         4
 Swiftness                Air            9%         N/A       56%         3
 Summon Ice Beast         Ice/Summ       20%        N/A       63%         4
 Freezing Cloud           Conj/Ice/Air   15%        6-21      71%         5
 Olgreb's Toxic Radiance  Pois           9%         N/A       92%         4
 Manifold Assault         Tloc           20%        N/A       94%         5
 Alistair's Intoxication  Tmut/Pois      6%         N/A       99%         5
 Lee's Rapid Deconstruct  Erth           6%         3d7*      99%         5
 Dispersal                Tloc           10%        N/A       100%        6
 Simulacrum               Ice/Necr       10%        N/A       100%        6
 Summon Cactus Giant      Summ           4%         N/A       100%        6
 Orb of Destruction       Conj           25%        9d9       100%        7
 Ozocubu's Refrigeration  Ice            16%        4d8       100%        7
 Spellforged Servitor     Conj/Summ      14%        N/A       100%        7
 Storm Form               Tmut/Air       4%         N/A       100%        7


Dungeon Overview and Level Annotations

Branches:
Dungeon (10/15)            Temple (1/1) D:4            Lair (3/6) D:9
  Swamp (0/4) Lair:2       Spider (0/4) Lair:3          Orc (0/2) D:10
  IceCv (1/1)

Altars:
Ashenzari
Cheibriados
Dithmenos
Fedhas
Gozag
Hepliaklqana
Kikubaaqudgha
Qazlal
Ru
Sif Muna
Trog
Uskayaw
Vehumet
Xom
Zin

Shops:
D:1 (   D:9 :

Portals:
Abyss: D:6

Annotations:
D:6 2 transporters, blade888's ghost, novice OpFE
D:8 1 runed translucent door, Bruhh's ghost, novice DrTm
D:10 exclusion: gargoyle
Lair:1 1 runed translucent door, Jucexuz's ghost, novice DjEE IceCv exclusion: ice statue


Innate Abilities, Weirdness & Mutations

You may rarely emit foul miasma when damaged in melee.
A meltable icy envelope protects you from harm. (AC +4)
When seriously injured, your blood forms thick armour. (AC +9)
A meltable shield of frost defends you. (SH +4)
You have a small tail.
Your body sometimes deteriorates upon taking damage.
You are robust. (+10% HP)
You expend magic power (3 MP) to strengthen your wands.


Message History

Unknown command.
Unknown command.
The ice statue gestures at you. The bolt of cold hits you.
Unknown command.
Casting: Searing Ray (safe; 1% risk of failure)
Confirm with . or Enter, or press ? or * to list all spells.
Aiming: Searing Ray (safe; 1% risk of failure)
Press: ? - help, Shift-Dir - straight line, f/p - ice statue
Aim: an ice statue (moderately damaged, umbra, 100% to hit)
The searing ray hits the ice statue!
The ice statue is heavily damaged. (Press . to maintain the ray.)
The searing ray hits the ice statue!
The ice statue is severely damaged.
Unknown command.
The searing ray hits the ice statue but does no damage.
The ice statue is severely damaged.
Unknown command.
The searing ray hits the ice statue but does no damage.
The ice statue is severely damaged.
You finish channelling your searing ray.
The ice statue gestures at you. The freezing blast engulfs you.
Unknown command.
You are engulfed in freezing vapours.
* * * LOW HITPOINT WARNING * * *
Unknown command.
Casting: Searing Ray (safe; 1% risk of failure)
Confirm with . or Enter, or press ? or * to list all spells.
Aiming: Searing Ray (safe; 1% risk of failure)
Press: ? - help, Shift-Dir - straight line, f/p - ice statue
Aim: an ice statue (freezing vapour, severely damaged, umbra, 100% to hit)
Okay, then.
Unknown command.
Unknown command.
Unknown command.
Unknown command.
You are engulfed in freezing vapours.
You die...

##.........# ###.
##.........####... ####
#..........#.⌠#.##
##..########.........#..'.#
##....##..##..........#######
#.......................#....
#..∩∩.............⌠.....'....
#.......##....§.........#....
##....######@§☼.......#######
##..## ##☼○.......#..'.# ####
#8○☼.......#.⌠#.##
##§........####...
##.........# ###. ###.....###
#. ####### ##


There were no monsters in sight!

Vanquished Creatures
  A bog body (IceCv)
  Pikel (D:8)
  A necromancer (IceCv)
  A black mamba (Lair:1)
  An ice statue (IceCv)
  7 cane toads
  2 rime drakes (Lair:3)
  An unseen horror (D:10)
  Maggie (D:10)
  Psyche (D:8)
  A komodo dragon (Lair:2)
  A troll (D:10)
  5 ice devils (IceCv)
  2 hornets (D:9)
  3 blink frogs (Lair:1)
  27 yaks
  2 basilisks (Lair:2)
  Grum (Lair:1)
  A steam dragon (D:8)
  Duvessa (D:4)
  4 water moccasins
  An ice beast (D:4)
  2 sky beasts (D:7)
  7 orc warriors
  3 ogres
  13 wolves
  A centaur (D:10)
  2 lemures (D:8)
  A phantom (D:5)
  3 kobold brigands (D:10)
  15 bullfrogs
  5 gnoll sergeants (D:10)
  2 scorpions
  A wight (D:10)
  Dowan (D:4)
  An elephant simulacrum (IceCv)
  14 killer bees
  4 howler monkeys
  3 hounds (D:6)
  6 orc priests
  2 gnoll shamans
  An iguana (D:6)
  Ijyb (D:4)
  17 orc wizards
  A troll simulacrum (IceCv)
  2 polar bear simulacra (IceCv)
  12 gnolls
  5 adders
  A shadow imp (D:6)
  4 white imps
  2 ufetubi (D:5)
  A worm (D:2)
  2 dart slugs
  53 orcs
  7 endoplasms
  2 giant cockroaches
  5 goblins
  6 hobgoblins
  7 jackals
  9 kobolds (D:1)
  A quokka (D:1)
  4 ball pythons
  4 bats
  2 frilled lizards (D:2)
  7 rats
308 creatures vanquished.

Vanquished Creatures (others)
  16 fungi
  24 plants
40 creatures vanquished.

Grand Total: 348 creatures vanquished

Notes
Turn   | Place    | Note
-------+----------+-------------------------------------------
     0 | D:1      | Morbidden the Demonspawn Conjurer began the quest for the
                  | Orb.
     0 | D:1      | Reached XP level 1. HP: 13/13 MP: 3/3
   154 | D:1      | Found Xioh's Antique Weapon Emporium.
   310 | D:1      | Gained mutation: When seriously injured, your blood forms
                  | armour. (AC +9) [demonic ancestry]
   310 | D:1      | Reached XP level 2. HP: 16/20 MP: 1/5
  1089 | D:1      | Gained mutation: You are robust. (+10% HP) [potion of
                  | mutation]
  1089 | D:1      | Gained mutation: Your body sometimes deteriorates upon
                  | taking damage. [potion of mutation]
  1089 | D:1      | Gained mutation: You expend magic power (3 MP) to
                  | strengthen your wands. [potion of mutation]
  1093 | D:1      | Reached XP level 3. HP: 14/27 MP: 3/6
  1535 | D:1      | Learned a level 2 spell: Searing Ray
  1538 | D:1      | Learned a level 2 spell: Ensorcelled Hibernation
  1567 | D:1      | Reached skill level 1 in Invocations
  1650 | D:1      | Found a faded altar of an unknown god.
  2115 | D:2      | Reached XP level 4. HP: 34/34 MP: 0/7
  2361 | D:2      | Reached skill level 1 in Fighting
  2713 | D:2      | Identified the +0 leather armour of the Earth {MP+9 Str+3
                  | Dex+6}
  3255 | D:2      | Reached skill level 2 in Invocations
  3503 | D:2      | Reached skill level 5 in Conjurations
  3503 | D:2      | Gained mutation: A meltable shield of frost defends you.
                  | (SH +4) [demonic ancestry]
  3503 | D:2      | Reached XP level 5. HP: 40/40 MP: 8/8
  4900 | D:4      | Noticed Ijyb
  4907 | D:4      | Killed Ijyb
  4907 | D:4      | Noticed Duvessa
  4907 | D:4      | Noticed Dowan
  5312 | D:4      | Reached XP level 6. HP: 47/47 MP: 11/11
  5482 | D:4      | Killed Duvessa
  5483 | D:4      | Reached skill level 1 in Short Blades
  5483 | D:4      | Reached skill level 1 in Hexes
  5483 | D:4      | Reached skill level 1 in Ice Magic
  5484 | D:4      | Killed Dowan
  5678 | D:4      | Reached skill level 3 in Invocations
  5714 | D:4      | HP: 1/47 [ogre/+0 giant club (36)]
  5717 | D:4      | Reached skill level 1 in Armour
  5717 | D:4      | Gained mutation: A meltable icy envelope protects you from
                  | harm. (AC +4) [demonic ancestry]
  5717 | D:4      | Reached XP level 7. HP: 1/52 MP: 9/12
  6042 | D:4      | Found a staircase to the Ecumenical Temple.
  6169 | Temple   | Entered the Ecumenical Temple
  6201 | Temple   | Became a worshipper of Dithmenos the Shadowed
  6318 | D:5      | Entered Level 5 of the Dungeon
  6618 | D:1      | Bought a slimy dagger for 140 gold pieces
  6618 | D:1      | Identified the +5 dagger "Utumiset" {freeze, Will- Str+3
                  | Dex+4} (You bought it in a shop on level 1 of the Dungeon)
  6917 | D:5      | Reached skill level 4 in Invocations
  7532 | D:5      | Reached XP level 8. HP: 61/61 MP: 14/14
  7966 | D:6      | Found a transporter.
  8129 | D:6      | Reached skill level 5 in Invocations
  8129 | D:6      | Reached * piety under Dithmenos
  8329 | D:6      | Learned a level 4 spell: Iskenderun's Mystic Blast
  8665 | D:6      | Found a one-way gate to the infinite horrors of the Abyss.
  8665 | D:6      | Noticed blade888's ghost (novice OpFE)
  8670 | D:6      | Found a transporter.
  9066 | D:7      | Reached skill level 1 in Shields
  9683 | D:7      | Reached skill level 5 in Spellcasting
  9964 | D:8      | Gained mutation: You have a small tail. [demonic ancestry]
  9964 | D:8      | Reached XP level 9. HP: 60/69 MP: 16/16
 10174 | D:8      | Noticed Psyche
 10183 | D:8      | Killed Psyche
 10184 | D:8      | Reached skill level 6 in Invocations
 10681 | D:8      | Found a runed translucent door.
 10681 | D:8      | Found a shimmering altar of Xom.
 10681 | D:8      | Noticed Bruhh's ghost (novice DrTm)
 10682 | D:8      | Noticed a +0 quarterstaff of chaos
 10925 | D:8      | Noticed Pikel
 10931 | D:8      | Reached ** piety under Dithmenos
 10940 | D:8      | Killed Pikel
 10941 | D:8      | Reached skill level 7 in Invocations
 10942 | D:8      | Reached XP level 10. HP: 64/78 MP: 9/18
 11577 | D:9      | Identified a scroll of acquirement
 11577 | D:9      | Acquired a +1 double sword of protection
 11820 | D:9      | Reached skill level 8 in Invocations
 12224 | D:9      | Reached skill level 5 in Dodging
 12482 | D:9      | Found Basoiwk's Book Emporium.
 12710 | D:9      | Found a staircase to the Lair.
 12922 | D:9      | Reached *** piety under Dithmenos
 13164 | D:10     | Entered Level 10 of the Dungeon
 13311 | D:10     | Noticed Maggie
 13323 | D:10     | Killed Maggie
 13324 | D:10     | Reached skill level 9 in Invocations
 13558 | D:10     | Noticed a gargoyle
 13675 | D:10     | Found a faded altar of an unknown god.
 13675 | D:10     | Found a hazy altar of Hepliaklqana.
 13677 | D:10     | Found a faded altar of an unknown god.
 13904 | D:10     | Found a staircase to the Orcish Mines.
 13914 | D:10     | Gained mutation: When seriously injured, your blood forms
                  | thick armour. (AC +9) [demonic ancestry]
 13914 | D:10     | Reached XP level 11. HP: 85/85 MP: 20/20
 14460 | D:10     | Found the +2 hood of the Assassin {Detection Stab+ Stlth++}
 14478 | D:10     | Noticed a tengu warrior
 14562 | Lair:1   | Entered Level 1 of the Lair of Beasts
 14584 | D:9      | Reached **** piety under Dithmenos
 14628 | Lair:1   | Reached skill level 5 in Stealth
 14741 | Lair:1   | Reached skill level 1 in Translocations
 14741 | Lair:1   | Reached skill level 10 in Invocations
 14753 | Lair:1   | Reached skill level 5 in Shields
 14784 | Lair:1   | Reached skill level 5 in Fighting
 14784 | Lair:1   | Reached skill level 5 in Short Blades
 15104 | Lair:1   | Found a runed translucent door.
 15105 | Lair:1   | Noticed Jucexuz's ghost (novice DjEE)
 15195 | Lair:1   | Noticed Grum
 15202 | Lair:1   | Killed Grum
 15515 | Lair:1   | Reached skill level 11 in Invocations
 16205 | Lair:2   | Found a staircase to the Swamp.
 16995 | Lair:2   | Reached skill level 1 in Evocations
 16995 | Lair:2   | Gained mutation: You may rarely emit foul miasma when
                  | damaged in melee. [demonic ancestry]
 16995 | Lair:2   | Reached XP level 12. HP: 94/94 MP: 19/22
 17287 | Lair:3   | Found a frozen archway.
 17303 | Lair:3   | Reached skill level 5 in Hexes
 17353 | IceCv    | Entered an ice cave
 17453 | IceCv    | Learned a level 6 spell: Iron Shot
 18122 | IceCv    | Identified the ring of the Many Dancing Ships {AC+4 Str+3}
 18280 | IceCv    | Reached ***** piety under Dithmenos
 18285 | IceCv    | Got the Disquisition on the Glacier
 18692 | IceCv    | Engulfed by an ice statue's freezing vapour

Illustrated notes

Levels and vault maps discovered:
D:1:      evilmike_arrival_plus, layout_loops_ring,
          dreamdust_ecumenical_altar_hidden_monk_grotto, serial_shops,
          shop_fountains, minmay_crystal_water, minmay_splitting_lines,
          st_stairs_2, chequers_big_river, roderic_roman_lattice,
          minmay_circled_x
D:2:      layout_basic
D:3:      layout_basic
D:4:      layout_loops_ring, minmay_temple_entry_glassed_door, uniq_ijyb,
          uniq_duvessa
D:5:      layout_gridville
D:6:      layout_basic, gammafunk_ghost_abyssal_escape,
          minmay_tree_intersection, amcnicky_mini_corridor_feature
D:7:      layout_basic
D:8:      layout_loops_ring, ebering_ghost_xom, serial_aquarium,
          aquarium_bridge_island_small [aquarium_subvault_small_open,
          aquarium_subvault_wall, aquarium_subvault_bridge,
          aquarium_subvault_window, aquarium_subvault_bridge],
          aquarium_window_1, aquarium_window_corner, aquarium_view_2e,
          aquarium_pool_2, uniq_psyche, uniq_pikel
D:9:      layout_stronghold, grunt_lair_entry_orc_guard_hut, serial_shops,
          nicolae_shop_crystal
D:10:     layout_roguey, nicolae_hepliaklqana_ecumenical_no_more,
          kennysheep_orc_monster_closet_entryway, st_stairs_4, uniq_maggie
Temple:   compressed_dpeg_circular_temple
Lair:1:   layout_cave_pods, ebering_ghost_reflecting_pool, grunt_megastairs_3,
          uniq_grum
Lair:2:   layout_gridlike, swamp_mist_pool, st_stairs_11, grunt_megastairs_5
Lair:3:   layout_layer_cave, spider_nest_entry_a, portal_ice_cave_rime,
          minivault_26, grunt_megastairs_4, uniq_nergalle, uniq_rupert
IceCv:    ice_cave_tombish

Skill      XL: |  1  2  3  4  5  6  7  8  9 10 11 12 |
---------------+-------------------------------------+-----
Dodging        | 2 3 4 5 6 |  6.3
Invocations    | 1 2 3 4 5 7 9 11 | 11.7
Stealth        | 2 3 4 5 |  5.8
Fighting       | 1 2 3 4 5 |  5.4
Conjurations   | 5 6 7 8 |  8.1
Spellcasting   | 3 4 5 6 7 |  7.2
Short Blades   | 1 2 4 5 |  5.2
Hexes          | 2 3 4 5 |  5.0
Ice Magic      | 1 2 3 4 |  4.7
Armour         | 1 2 3 |  3.1
Shields        | 1 2 4 5 6 |  6.1
Translocations | 1 2 |  2.3
Evocations     | 1 2 |  2.2
Throwing       | |  0.1
Unarmed Combat | |  0.7
Earth Magic    | |  0.7

Action                   |  1- 3 |  4- 6 |  7- 9 | 10-12 || total
-------------------------+-------+-------+-------+-------++-------
Melee: Unarmed           |    23 |       |       |       ||    23
       Dagger            |     8 |    30 |    86 |   299 ||   423
       Tailslap          |       |       |       |    48 ||    48
Throw: Dart              |       |       |     1 |       ||     1
 Cast: Magic Dart        |    76 |    69 |    65 |   206 ||   416
       Searing Ray       |     1 |     9 |    46 |    78 ||   134
       Ensorcelled Hiber |       |     3 |    17 |    33 ||    53
       Iskenderun's Myst |       |       |       |    16 ||    16
Evoke: Wand              |       |     1 |       |     1 ||     2
       Condenser vane    |       |       |       |     1 ||     1
  Use: Potion            |     2 |       |       |       ||     2
       Scroll            |       |     4 |       |    13 ||    17
 Stab: Sleeping          |       |     1 |     7 |    29 ||    37
       Distracted        |       |       |       |     1 ||     1
Armor: Robe              |     9 |     1 |       |       ||    10
       Leather armour    |       |    15 |    46 |    45 ||   106
Dodge: Dodged            |    30 |    18 |   103 |   204 ||   355
Block: Other             |       |     9 |    41 |       ||    50
       Reflection        |       |       |     1 |     9 ||    10
       Kite shield       |       |       |    47 |   486 ||   533

Table legend: (Time is in decaauts)
 A = Elapsed time spent in this place.
 B = Non-inter-level travel time spent in this place.
 C = Inter-level travel time spent in this place.
 D = Time resting spent in this place.
 E = Time spent auto-exploring this place.
 F = Levels seen in this place.
 G = Mean time per level.
                   A        B        C        D        E       F      G
               +--------+--------+--------+--------+--------+-----+--------+
         Total |  18696 |  17912 |    784 |   2092 |  12855 |  15 | 1246.4 |
       Dungeon |  14514 |  13813 |    701 |   1333 |  10512 |  10 | 1451.4 |
        Temple |     69 |     44 |     25 |      0 |     16 |   1 |   69.0 |
          Lair |   2764 |   2706 |     58 |    145 |   2122 |   3 |  921.3 |
      Ice Cave |   1347 |   1347 |      0 |    614 |    205 |   1 | 1347.0 |
               +--------+--------+--------+--------+--------+-----+--------+

Top non-repeatable levels by time:
     D:2: 2092 daAuts
     D:1: 1955 daAuts
     D:9: 1641 daAuts
     D:8: 1614 daAuts
     D:4: 1594 daAuts
  Lair:1: 1562 daAuts
    D:10: 1367 daAuts
   IceCv: 1347 daAuts
     D:5: 1207 daAuts
  Lair:2: 1097 daAuts
     D:7: 1076 daAuts
     D:3: 1055 daAuts
     D:6: 910 daAuts
  Lair:3: 104 daAuts
  Temple: 69 daAuts
